 Dungeon Crawl Stone Soup version 0.30.0-29-ga12c61a403 (webtiles) character file.

Game seed: 967127630039119541

31621 Revguard the Blocker (level 13, 0/116 HPs)
             Began as a Hill Orc Fighter on June 18, 2023.
             Was a High Priest of Beogh.
             Slain by a two-headed ogre
             ... wielding a +0 giant spiked club
              (16 damage)
             ... on level 15 of the Dungeon.
             The game lasted 00:45:41 (16427 turns).

Revguard the Blocker (Hill Orc Fighter)            Turns: 16427, Time: 00:45:41

Health: 0/116      AC: 16    Str: 22    XL:     13   Next: 59%
Magic:  18/21      EV: 12    Int:  8    God:    Beogh [*****.]
Gold:   1149       SH: 10    Dex: 12    Spells: 12/12 levels left

rFire   . . .        a - +0 war axe
rCold   + . .        C - +3 warlock's mirror {omnireflect}
rNeg    + . .        b - +0 scale mail {rN+}
rPois   +            n - +0 helmet
rElec   .            t - +0 cloak
rCorr   .            k - +0 pair of gloves
SInv    .            h - +2 pair of boots {Fly}
Will    .....        E - amulet of the acrobat Stlth
                     l - ring of protection from cold
HPRegen 0.39/turn    B - ring of poison resistance
MPRegen 0.17/turn

%: reflection, acrobat
@: flying, studying Shields, invisible
A: walk on water, passive freeze, MP-powered wands
a: Renounce Religion, Smiting, Recall Orcish Followers, Give Item to Named
Follower


You were on level 15 of the Dungeon.
You worshipped Beogh.
Beogh was extremely pleased with you.
You visited 2 branches of the dungeon, and saw 16 of its levels.

You collected 1422 gold pieces.
You spent 273 gold pieces at shops.

Inventory:

Hand Weapons
 a - a +0 war axe (weapon)
 c - a +4 spear
 q - a +2 glaive of flaming
 r - a +0 heavy dire flail
 A - a +0 heavy broad axe
 G - a +1 demon whip of venom
 P - a +2 scimitar of flaming
 U - a +4 trident of protection
 V - a +2 battleaxe of draining
 W - a +1 longbow of flaming
 Z - a +5 long sword
Armour
 b - a +0 scale mail of positive energy (worn)
 h - a +2 pair of boots of flying (worn)
 j - a +4 scale mail
 k - a +0 pair of gloves (worn)
 n - a +0 helmet (worn)
 o - +0 acid dragon scales
 t - a +0 cloak (worn)
 C - the +3 warlock's mirror (worn) {omnireflect}
   (You acquired it on level 8 of the Dungeon)

   Omnireflect: It can block and reflect piercing ranged attacks and magical
   attacks against the wielder's willpower.
 F - a +1 ring mail of positive energy
 Q - a +0 troll leather armour
 S - a +2 buckler of protection
Jewellery
 l - a ring of protection from cold (left hand)
 B - a ring of poison resistance (right hand)
 E - an amulet of the acrobat (around neck)
Wands
 f - a wand of mindburst (6)
 z - a wand of acid (5)
 D - a wand of charming (6)
 N - a wand of roots (2)
 O - a wand of polymorph (2)
 R - a wand of flame (12)
Scrolls
 g - 9 scrolls of teleportation
 p - a scroll of blinking
 x - 3 scrolls of enchant weapon
 y - a scroll of torment
 H - 2 scrolls of fear
 I - 2 scrolls of amnesia
 M - 5 scrolls of identify
 T - 2 scrolls of immolation
Potions
 d - a potion of might
 e - 5 potions of flight
 i - 2 potions of cancellation
 m - a potion of magic
 s - a potion of resistance {unknown}
 u - 2 potions of haste
 v - 4 potions of curing
 w - 7 potions of mutation
 J - a potion of invisibility
 K - a potion of berserk rage
 L - 2 potions of attraction


   Skills:
 + Level 11.0 Fighting
 + Level 11.6 Axes
 + Level 10.2 Armour
 + Level 7.3 Dodging
 + Level 12.7 Shields
 + Level 11.3 Invocations
 + Level 8.7 Evocations


You had 12 spell levels left.
You didn't know any spells.
Your spell library contained the following spells:

 Spells                   Type           Power      Damage    Failure   Level
 Foxfire                  Conj/Fire      0%         2x1d4     71%         1
 Magic Dart               Conj           0%         1d3       71%         1
 Sting                    Tmut/Pois      0%         1d3       71%         1
 Poisonous Vapours        Pois/Air       0%         N/A       85%         2
 Scorch                   Fire           0%         2d5       85%         2
 Searing Ray              Conj           0%         2d4       85%         2
 Sublimation of Blood     Necr           0%         N/A       85%         2
 Wereblood                Tmut           0%         N/A       85%         2
 Call Canine Familiar     Summ           0%         N/A       97%         3
 Ignite Poison            Fire/Tmut/Pois 0%         N/A       97%         3
 Inner Flame              Hex/Fire       0%         N/A       97%         3
 Mephitic Cloud           Conj/Pois/Air  0%         N/A       97%         3
 Ozocubu's Armour         Ice            0%         N/A       97%         3
 Portal Projectile        Hex/Tloc       0%         N/A       97%         3
 Fulminant Prism          Conj/Hex       0%         3d5       100%        4
 Leda's Liquefaction      Hex/Erth       0%         N/A       100%        4
 Olgreb's Toxic Radiance  Pois           0%         N/A       100%        4
 Sticky Flame             Conj/Fire      0%         2d3       100%        4
 Summon Ice Beast         Ice/Summ       0%         N/A       100%        4
 Freezing Cloud           Conj/Ice/Air   0%         6-21      100%        5
 Metabolic Englaciation   Hex/Ice        0%         N/A       100%        5
 Summon Mana Viper        Hex/Summ       0%         N/A       100%        5
 Yara's Violent Unravell  Hex/Tmut       0%         3d3       100%        5
 Simulacrum               Ice/Necr       0%         N/A       100%        6
 Enfeeble                 Hex            0%         N/A       100%        7
 Monstrous Menagerie      Summ           0%         N/A       100%        7
 Summon Hydra             Summ           0%         N/A       100%        7
 Fire Storm               Conj/Fire      0%         5d1       100%        9


Dungeon Overview and Level Annotations

Branches:
Dungeon (15/15)            Temple (1/1) D:5            Lair (0/5) D:11
    Orc (0/2) D:12         Vaults (0/5) D:14         Depths (0/4) D:15

Altars:
Ashenzari
Cheibriados
Dithmenos
Elyvilon
Fedhas
Gozag
Hepliaklqana
Kikubaaqudgha
Makhleb
Nemelex Xobeh
Okawaru
Qazlal
Ru
Sif Muna
Trog
Uskayaw
Vehumet
Wu Jian
Xom
Yredelemnul
Zin
The Shining One

Shops:
D:10 !


Innate Abilities, Weirdness & Mutations

You can walk on water.
A frigid envelope surrounds you and freezes all who hurt you.
You expend magic power (3 MP) to strengthen your wands.


Message History

You block the two-headed ogre's attack. The two-headed ogre barely misses you.
The two-headed ogre hits you with a +0 giant club!!
The two-headed ogre is very cold.
The two-headed ogre is heavily wounded.
Spirok hits the two-headed ogre from afar with a +0 trident!
The two-headed ogre dies!
Beogh accepts your kill.
Aiming: Fastroot
Press: ? - help, Shift-Dir - straight line, f - two-headed ogre
Aim: a two-headed ogre, wielding a +0 giant club and a +0 giant spiked club (moderately wounded, ally target)
You feel a surge of power!
The roots erupt in riotous growth!
Roots grab the two-headed ogre.
Roots grab the ogre.
Roots grab the ogre mage.
Roots grab the ogre.
The grasping roots constrict the ogre mage!
The grasping roots constrict the two-headed ogre.
The grasping roots constrict the ogre.
The grasping roots constrict the ogre!
The two-headed ogre closely misses you. The two-headed ogre misses you.
The ogre barely misses you.
The ogre mage escapes!
Spirok hits the two-headed ogre with a +0 trident!!
The two-headed ogre dies!
Beogh accepts your kill.
The ogre escapes!
Aiming: Fastroot
Press: ? - help, Shift-Dir - straight line, p - two-headed ogre
Okay, then.
You fade into invisibility!
The grasping roots constrict the two-headed ogre!
The grasping roots constrict the ogre!
You kill the ogre!
Beogh accepts your kill. The two-headed ogre barely misses you.
You block the two-headed ogre's attack.
The ogre mage hits you but does no damage.
The ogre mage is very cold.
The ogre mage is moderately wounded.
The two-headed ogre hits you with a +0 giant spiked club!!
* * * LOW HITPOINT WARNING * * *
The two-headed ogre is very cold.
The two-headed ogre is lightly wounded.
The two-headed ogre hits you with a +0 giant club!
You die...

####'##...### ...#.o#
#.....#...#........#
##.#
#.....#...#........#
#..o
#.....#...##.......#
##.#
#.....#....#.......#
###
##.....#....#.......#
.....
#......#..o.#.......#
......
#......'.ooo#O).....#
....(.
#......#..ooo@OO....#
......
####'###..oo#OO.....#
......
......).....#.......#
......
###..).....#.......#
......
#.....)..######..#
......
#..<..........# ##
......
#..............
......
#..............
......
###..............
......


You could see 3 two-headed ogres, an ogre mage, an ogre (unable to see you, ally
target), 4 friendly orc knights, the friendly Spirok the orc knight (strong), 3
friendly orc warriors and a friendly orc (strong).

Vanquished Creatures
  Nessos (D:13)
  2 centaur warriors
  2 two-headed ogres
  A tengu warrior (D:15)
  A dancing weapon (D:14)
  A boulder beetle (D:11)
  A skeletal warrior (D:14)
  4 ugly things
  A cyclops (D:12)
  2 manticores
  A centaur zombie (D:10)
  2 gargoyles (D:12)
  Maggie (D:5)
  An ice devil (D:11)
  A meliai (D:14)
  2 trolls (D:11)
  A hornet (D:12)
  A tarantella (shapeshifter) (D:15)
  2 shadows
  A centaur simulacrum (D:11)
  2 wraiths
  6 slime creatures
  A water elemental (D:13)
  2 yaks
  A vampire (D:9)
  Grum (D:9)
  2 acid dragons
  2 water moccasins
  2 orc warriors
  A black bear (D:5)
  An orc wizard (D:9)
  2 ice beasts
  3 ogres
  2 wolves
  2 centaurs
  2 boggarts (D:15)
  2 phantoms
  A bullfrog (D:8)
  A gnoll sergeant (D:9)
  4 scorpions (D:5)
  5 wights
  5 killer bees
  2 howler monkeys (D:5)
  3 electric eels
  5 hounds (D:5)
  3 iguanas (D:5)
  A jelly (D:5)
  An orc priest (D:7)
  3 gnoll boudas (D:5)
  A sleepcap (D:5)
  Robin (D:2)
  29 gnolls
  8 adders
  2 white imps
  3 worms (D:2)
  3 dart slugs
  23 orcs
  11 ball pythons
  5 bats
  2 bat zombies (D:4)
  10 endoplasms
  2 giant cockroaches (D:2)
  18 goblins
  11 hobgoblins
  12 jackals
  4 quokkas
  2 frilled lizards (D:2)
  12 kobolds
  6 rats
  2 rat zombies (D:4)
264 creatures vanquished.

Vanquished Creatures (collateral kills)
  Rupert (D:13)
  Harold (D:9)
  A hydra (D:13)
  A catoblepas (D:13)
  A boulder beetle (D:11)
  A dancing weapon (D:14)
  5 two-headed ogres
  A tengu warrior (D:15)
  Amaemon (D:9)
  3 skeletal warriors (D:14)
  A glowing orange brain (D:15)
  13 ugly things
  2 deep elf pyromancers
  An orc knight (D:15)
  2 cyclopes
  A gargoyle (D:14)
  An orange demon (D:9)
  A freezing wraith (D:15)
  An ice devil (D:11)
  A komodo dragon (shapeshifter) (D:15)
  2 trolls
  A queen bee (shapeshifter) (D:13)
  A queen bee (D:10)
  2 meliai (D:14)
  A troll (shapeshifter) (D:13)
  2 polar bears (D:11)
  Prince Ribbit (D:8)
  2 slime creatures (D:13)
  A centaur simulacrum (D:11)
  2 shadows (D:10)
  5 vampires
  3 wraiths
  7 yaks
  2 steam dragons (D:9)
  A water moccasin (D:7)
  3 ice beasts (D:11)
  2 sky beasts (D:7)
  2 wolves
  A boggart (D:15)
  A centaur (D:9)
  A kobold brigand (D:8)
  A gnoll sergeant (D:11)
  A scorpion (D:7)
  3 bullfrogs
  A wight (D:8)
  4 killer bees
  5 centaur zombies (D:10)
  2 orc priests
  An orc wizard (D:10)
  3 gnolls (D:11)
  A shadow imp (D:6)
  2 white imps (D:11)
  An ufetubus (D:11)
  10 orcs
  2 kobolds (D:8)
120 creatures vanquished.

Vanquished Creatures (others)
  2 orc warriors
  An orc priest (D:15)
  17 orcs
20 creatures vanquished.

Grand Total: 404 creatures vanquished

Notes
Turn   | Place    | Note
-------+----------+-------------------------------------------
     0 | D:1      | Revguard the Hill Orc Fighter began the quest for the Orb.
     0 | D:1      | Reached XP level 1. HP: 19/19 MP: 1/1
   135 | D:1      | Reached skill level 1 in Invocations
   135 | D:1      | Reached XP level 2. HP: 6/27 MP: 2/2
   373 | D:1      | Reached XP level 3. HP: 33/33 MP: 3/3
   518 | D:1      | Reached skill level 1 in Evocations
   996 | D:2      | Reached skill level 1 in Dodging
  1002 | D:2      | Reached XP level 4. HP: 38/40 MP: 5/5
  1002 | D:2      | Noticed Robin
  1009 | D:2      | Killed Robin
  1249 | D:2      | Found a snail-covered altar of Cheibriados.
  1539 | D:2      | Reached XP level 5. HP: 42/46 MP: 6/6
  1797 | D:3      | Found a faded altar of an unknown god.
  2063 | D:3      | Became a worshipper of Beogh the Brigand
  2170 | D:3      | Reached skill level 4 in Shields
  3014 | D:4      | Found an ancient bone altar of Kikubaaqudgha.
  3099 | D:4      | Reached XP level 6. HP: 52/52 MP: 7/7
  3198 | D:5      | Entered Level 5 of the Dungeon
  3205 | D:5      | Found a staircase to the Ecumenical Temple.
  3268 | Temple   | Entered the Ecumenical Temple
  3476 | D:5      | Reached * piety under Beogh
  3708 | D:5      | Reached XP level 7. HP: 34/60 MP: 9/9
  3854 | D:5      | Reached skill level 5 in Fighting
  3975 | D:5      | Found a large runed translucent door.
  3976 | D:5      | Found a large runed translucent door.
  4008 | D:5      | Reached skill level 5 in Axes
  4015 | D:5      | Reached XP level 8. HP: 48/68 MP: 11/11
  4019 | D:5      | Reached skill level 5 in Armour
  4019 | D:5      | Reached skill level 5 in Shields
  4596 | D:5      | Reached ** piety under Beogh
  5247 | D:5      | Found a sacrificial altar of Ru.
  5261 | D:5      | Found a burning altar of Makhleb.
  5266 | D:5      | Reached skill level 5 in Invocations
  5391 | D:6      | Noticed Maggie
  5818 | D:5      | Reached XP level 9. HP: 35/75 MP: 12/12
  6089 | D:6      | Reached *** piety under Beogh
  6222 | D:5      | Killed Maggie
  6223 | D:5      | Reached skill level 6 in Shields
  7713 | D:7      | Found a bloodstained altar of Trog.
  7751 | D:7      | Got the Atlas of Immolation
  8120 | D:8      | Noticed Prince Ribbit
  8133 | D:8      | Killed Prince Ribbit
  8134 | D:8      | Reached XP level 10. HP: 63/86 MP: 13/15
  8137 | D:8      | Identified 3 scrolls of acquirement
  8137 | D:8      | Acquired a manual of Shields
  8139 | D:8      | Acquired 444 gold pieces
  8141 | D:8      | Acquired the +3 warlock's mirror {omnireflect}
  8141 | D:8      | Found the +3 warlock's mirror {omnireflect}
  8217 | D:8      | Reached skill level 5 in Evocations
  8608 | D:8      | Gained mutation: You expend magic power (3 MP) to
                  | strengthen your wands. [potion of mutation]
  8608 | D:8      | Gained mutation: A frigid envelope surrounds you and
                  | freezes all who hurt you. [potion of mutation]
  8629 | D:9      | Reached **** piety under Beogh
  8637 | D:9      | Reached skill level 7 in Shields
  8639 | D:9      | Noticed Grum
  8645 | D:9      | Killed Grum
  8944 | D:9      | Noticed Harold
  8958 | D:9      | Killed Harold
  9247 | D:9      | Noticed Amaemon
  9248 | D:9      | Noticed an orange demon
  9254 | D:9      | Killed Amaemon
  9256 | D:9      | Killed an orange demon
  9809 | D:10     | Entered Level 10 of the Dungeon
  9809 | D:10     | Found Ikkich's Distillery.
  9818 | D:10     | Bought a potion of invisibility for 104 gold pieces
  9818 | D:10     | Bought 2 potions of berserk rage for 130 gold pieces
  9818 | D:10     | Bought a potion of attraction for 39 gold pieces
  9823 | D:10     | Noticed a two-headed ogre
  9828 | D:10     | Killed a two-headed ogre
  9829 | D:10     | Reached skill level 8 in Shields
  9927 | D:10     | Noticed a two-headed ogre
  9932 | D:10     | Killed a two-headed ogre
 10022 | D:10     | Reached skill level 5 in Dodging
 10122 | D:10     | Noticed Erica
 10126 | D:10     | Erica changed into Erica the queen bee
 10126 | D:10     | Noticed Erica
 10129 | D:10     | Killed Erica the queen bee
 10187 | D:10     | Reached XP level 11. HP: 62/95 MP: 17/17
 10623 | D:10     | Reached skill level 9 in Shields
 10750 | D:11     | Noticed a purple ugly thing
 10755 | D:11     | Killed a purple ugly thing
 10759 | D:11     | Noticed a cyclops
 10766 | D:11     | Killed a cyclops
 10845 | D:11     | Noticed a two-headed ogre
 10853 | D:11     | Killed a two-headed ogre
 10954 | D:11     | Noticed a boulder beetle
 10959 | D:11     | Killed a boulder beetle
 10972 | D:11     | Noticed a manticore
 10978 | D:11     | Killed a manticore
 11293 | D:11     | Reached ***** piety under Beogh
 11351 | D:11     | Found a staircase to the Lair.
 11415 | D:11     | Noticed a boulder beetle
 11429 | D:11     | Killed a boulder beetle
 11630 | D:11     | Reached skill level 10 in Shields
 11795 | D:12     | Noticed a cyclops
 11798 | D:12     | Noticed a manticore
 11803 | D:12     | Killed a cyclops
 11804 | D:12     | Reached XP level 12. HP: 94/105 MP: 17/19
 11817 | D:12     | Gained Spirok as an ally
 12002 | D:12     | Found a staircase to the Orcish Mines.
 12041 | D:12     | Noticed a two-headed ogre
 12043 | D:12     | Killed a two-headed ogre
 12044 | D:12     | Reached skill level 10 in Axes
 13365 | D:13     | Noticed a catoblepas
 13372 | D:13     | Killed a catoblepas
 13405 | D:13     | Noticed Rupert
 13422 | D:13     | Killed Rupert
 13423 | D:13     | Reached skill level 10 in Invocations
 13477 | D:13     | Noticed a two-headed ogre
 13486 | D:13     | Killed a two-headed ogre
 13487 | D:13     | Reached skill level 10 in Fighting
 13487 | D:13     | Reached skill level 11 in Shields
 13706 | D:13     | Noticed a boulder beetle
 13895 | D:13     | Noticed Nessos
 13901 | D:13     | Killed Nessos
 14059 | D:13     | Noticed an eight-headed hydra
 14059 | D:13     | Killed an eight-headed hydra
 14402 | D:14     | Found a gate to the Vaults.
 14798 | D:14     | Noticed a centaur warrior
 14807 | D:14     | Killed a centaur warrior
 14808 | D:14     | Reached XP level 13. HP: 35/114 MP: 20/20
 14808 | D:14     | Gained Wardok as an ally
 15205 | D:14     | Identified the +8 rapier of Resourcefulness {heavy, rF+
                  | SInv}
 15289 | D:14     | Reached skill level 12 in Shields
 15401 | D:14     | Found a sacrificial altar of Ru.
 15556 | D:15     | Entered Level 15 of the Dungeon
 15794 | D:15     | Reached skill level 10 in Armour
 16258 | D:15     | Found a staircase to the Depths.
 16427 | D:15     | Slain by a two-headed ogre

Illustrated notes

Levels and vault maps discovered:
D:1:      wander_arrival_estate, layout_basic, serial_glass, glass_columns_b,
          glass_columns_a
D:2:      minmay_razor_zed, layout_loops_ring, basic_altar, uniq_robin
D:3:      layout_rooms, ebering_ecumenical_altar_mist
D:4:      layout_basic, lemuel_zombie_altar_kikubaaqudgha
D:5:      lemuel_castle_with_subvaults [lemuel_castle_interior_carwin_3],
          layout_rooms, jmf_multi_god_temple2, minmay_temple_entry_water_ring
D:6:      layout_rooms, kennysheep_generic_room_13, uniq_maggie
D:7:      layout_cave_pools, mainiacjoe_overflow_boulevard,
          nicolae_kite_square_tiling_tiny
D:8:      layout_basic, dk_vineyard_3, uniq_prince_ribbit1
D:9:      layout_long_grid, uniq_harold, uniq_grum, uniq_amaemon
D:10:     layout_roguey, serial_undead, serial_undead_d, serial_undead_a,
          serial_undead_b, serial_undead_e, serial_undead_d, serial_shops,
          nicolae_stop_n_shop_2, uniq_erica
D:11:     layout_rooms, lair_entry_dummy, serial_ice, serial_ice_a,
          serial_ice_e, serial_ice_l, serial_ice_n, serial_ice_o, serial_ice_b,
          portal_ice_cave_demonic_guard
D:12:     layout_cave_pods, hiddenorc1_lemuel
D:13:     nicolae_moon_pools, layout_grid_maze, lightli_corner_chamber,
          uniq_nessos, uniq_rupert
D:14:     layout_small_grid, erik_vaults_1, minmay_misc_feat_alley,
          serial_glass, glass_columns_b, glass_columns_a,
          nicolae_ru_path_of_blood
D:15:     gammafunk_enter_depths_forms, layout_irregular_city,
          hangedman_decor_points, ebering_ghost_xom
Temple:   dpeg_three_leaves_temple

Skill      XL: |  1  2  3  4  5  6  7  8  9 10 11 12 13 |
---------------+----------------------------------------+-----
Invocations    | 1 2 3 4 5 6 8 9 10 11 | 11.3
Axes           | 3 4 5 6 7 8 9 10 11 | 11.6
Evocations     | 1 2 3 4 6 7 8 |  8.7
Dodging        | 1 2 3 4 5 6 7 |  7.3
Fighting       | 4 5 6 7 8 9 10 11 | 11.0
Armour         | 4 5 6 7 8 9 10 | 10.2
Shields        | 4 5 6 8 10 11 12 | 12.7

Action                     |  1- 3 |  4- 6 |  7- 9 | 10-12 | 13-15 || total
---------------------------+-------+-------+-------+-------+-------++-------
  Melee: War axe           |    72 |   246 |   365 |   253 |    67 ||  1003
 Invoke: Convert to Beogh  |       |     1 |       |       |       ||     1
         Recall Orcish Fol |       |       |       |     4 |     2 ||     6
         Smiting           |       |       |       |     2 |       ||     2
         Give Item to Name |       |       |       |     1 |     1 ||     2
  Evoke: Wand              |       |     4 |       |     1 |     5 ||    10
    Use: Scroll            |     3 |     6 |     5 |    11 |     1 ||    26
         Potion            |       |     5 |     6 |     5 |     1 ||    17
   Stab: Distracted        |       |       |       |     4 |     2 ||     6
 Armour: Scale mail        |    47 |   163 |   247 |   101 |    29 ||   587
         Skin              |       |    19 |       |       |       ||    19
  Dodge: Dodged            |    32 |   154 |   313 |   137 |    48 ||   684
  Block: Buckler           |    17 |    70 |   170 |   152 |    39 ||   448
         Reflection        |       |       |       |     8 |     2 ||    10
